 Dungeon Crawl Stone Soup version 0.13-a0-1536-gedae9ec (webtiles) character file.

147 Kae the Cutter (level 4, -4/30 HPs)
             Began as a High Elf Skald on June 9, 2013.
             Was a Follower of Nemelex Xobeh.
             Slain by a worm (6 damage)
             ... on Level 3 of the Dungeon.
             The game lasted 00:04:28 (2026 turns).

Kae the Cutter (High Elf Skald)                     Turns: 2026, Time: 00:04:28

HP  -4/30        AC  4     Str 11      XL: 4   Next:  4%
MP   6/10        EV 11     Int 16      God: Nemelex Xobeh [*.....]
Gold 77          SH  0     Dex 15      Spells:  3 memorised,  3 levels left

Res.Fire  : . . .   See Invis. : .   a - +1 elf short sword (flame)
Res.Cold  : . . .   Warding    : +   b - +0 elf leather armour
Life Prot.: + . .   Conserve   : .   (no shield)
Res.Poison: .       Res.Corr.  : .   (no helmet)
Res.Elec. : .       Clarity    : .   n - +0 elf cloak
Sust.Abil.: + .     Spirit.Shd : .   (no gloves)
Res.Mut.  : .       Stasis     : .   (no boots)
Res.Rott. : .       Flight     : .   t - amulet of warding {unknown}
Saprovore : . . .                    q - ring of teleport control
                                     h - ring of sustain abilities {unknown}

@: slightly resistant to hostile enchantments, unstealthy
A: no striking features
a: Draw One, Renounce Religion, Evoke Teleport Control


You were on level 3 of the Dungeon.
You worshipped Nemelex Xobeh.
Nemelex Xobeh was pleased with you.
You were hungry.

You visited 1 branch of the dungeon, and saw 3 of its levels.

You collected 57 gold pieces.

Inventory:

Hand weapons
 a - a +1,+1 elven short sword of flaming (weapon)
Armour
 b - a +0 elven leather armour (worn)
 n - a +0 elven cloak (worn)
Comestibles
 f - a bread ration
 o - a meat ration
Scrolls
 g - a scroll of blinking {unknown}
 j - 2 scrolls of remove curse {unknown}
 k - 3 scrolls of enchant armour {unknown}
 l - 4 scrolls of identify {unknown}
 m - a scroll of magic mapping {unknown}
 r - a scroll of fear {unknown}
 s - a scroll of amnesia {unknown}
 v - 2 scrolls of curse jewellery {unknown}
Jewellery
 h - a ring of sustain abilities (left hand) {unknown}
 q - a ring of teleport control (right hand)
 t - an amulet of warding (around neck) {unknown}
Potions
 d - a potion of berserk rage
 e - 2 potions of restore abilities {unknown}
 i - a potion of brilliance {unknown}
 u - a potion of curing {unknown}
Books
 c - a book of War Chants

   Spells                             Type                      Level
   *Fire Brand                        Charms/Fire                  2
   Freezing Aura                      Charms/Ice                   2
   *Shroud of Golubria                Charms/Translocation         2
   *Repel Missiles                    Charms/Air                   2
   Poison Weapon                      Charms/Poison                3
   Regeneration                       Charms/Necromancy            3
Miscellaneous
 p - a plain deck of destruction


   Skills:
 + Level 2.8 Fighting
 + Level 3.7 Short Blades
 - Level 0.8 Armour
 + Level 1.4 Dodging
 + Level 3.1 Spellcasting
 + Level 3.7 Charms


You had 3 spell levels left.
You knew the following spells:

 Your Spells              Type           Power        Failure   Level  Hunger
a - Fire Brand            Chrm/Fire      #.........   14%         2    ##.....
b - Repel Missiles        Chrm/Air       #.........   14%         2    ##.....
c - Shroud of Golubria    Chrm/Tloc      #.........   14%         2    ##.....


Dungeon Overview and Level Annotations

Branches:
Dungeon (3/27)

Altars:
Kikubaaqudgha
Nemelex Xobeh


Message History

You see here a scroll labeled TUSELI SMITANG.
Unknown command.
Casting: Fire Brand
Confirm with . or Enter, or press ? or * to list all spells.
Space distorts slightly along a thin shroud covering your body.
You barely miss the orc.
Your shroud bends the orc's attack away.
Unknown command.
You closely miss the orc.
Your shroud bends the orc's attack away.
Your shroud bends the worm's attack away.
Casting: Shroud of Golubria
Confirm with . or Enter, or press ? or * to list all spells.
Your +1,+1 elven short sword bursts into flame!
The orc hits you with an orcish club.
* * * LOW HITPOINT WARNING * * *
Your shroud falls apart!
The worm bites you.
You die...
Your body disappears without a glow.

.......
#.....#..
##.....#...
........
#....!#...
###.....#....
#............
#...ow.......
##...@....####
####.........#
.......[.....#
##.....#.#.###
..#....#.#.#
....#..#....#
..... ###...#.#
......###....#.#
<.....#..#....#
#


You could see a worm and an orc.

Vanquished Creatures
  2 adders (D:2)
  An ooze (D:2)
  A ball python (D:1)
  3 hobgoblins
  9 jackals
  A quokka (D:3)
  6 bats
  3 giant cockroaches
  2 giant geckos (D:3)
  3 giant newts
  8 goblins
  8 kobolds
  4 rats
51 creatures vanquished.

Notes
Turn   | Place    | Note
--------------------------------------------------------------
     0 | D:1      | Kae, the High Elf Skald, began the quest for the Orb.
     0 | D:1      | Reached XP level 1. HP: 14/14 MP: 2/2
   215 | D:1      | Reached XP level 2. HP: 17/19 MP: 4/4
   226 | D:1      | Learned a level 2 spell: Fire Brand
   229 | D:1      | Learned a level 2 spell: Repel Missiles
   710 | D:2      | Reached XP level 3. HP: 11/25 MP: 7/7
   885 | D:2      | Learned a level 2 spell: Shroud of Golubria
  1402 | D:2      | Found a sparkling altar of Nemelex Xobeh.
  1439 | D:2      | Found an ancient bone altar of Kikubaaqudgha.
  1556 | D:2      | Became a worshipper of Nemelex Xobeh
  1581 | D:2      | Received a gift from Nemelex Xobeh
  1964 | D:3      | Acquired Nemelex Xobeh's first power
  1980 | D:3      | Reached XP level 4. HP: 25/30 MP: 10/10
  2026 | D:3      | Slain by a worm

Action                   |  1- 3 |  4- 6 || total
-------------------------+-------+-------++-------
Melee: Short sword       |   140 |    17 ||   157
 Cast: Fire Brand        |     8 |     1 ||     9
       Shroud of Golubri |       |     1 ||     1
 Stab: Sleeping          |     1 |       ||     1
